 Dungeon Crawl Stone Soup version 0.13.0-19-g8e0b589 (webtiles) character file.

284 HungrySpirit the Chopper (level 4, -2/37 HPs)
             Began as a Hill Orc Death Knight on Oct 25, 2013.
             Was a Believer of Yredelemnul.
             Killed from afar by an orc wizard (4 damage)
             ... with a puff of flame
             ... on Level 3 of the Dungeon.
             The game lasted 00:03:08 (1749 turns).

HungrySpirit the Chopper (Hill Orc Death Knight)    Turns: 1749, Time: 00:03:08

HP  -2/37        AC  6     Str 16      XL: 4   Next: 75%
MP   8/8         EV  9     Int 11      God: Yredelemnul [**....]
Gold 183         SH  0     Dex 10      Spells:  0 memorised,  3 levels left

Res.Fire  : . . .   See Invis. : .   a - +1 orc hand axe {=f}
Res.Cold  : . . .   Warding    : .   i - +0 ring mail
Life Prot.: . . .   Conserve   : .   (no shield)
Res.Poison: .       Res.Corr.  : .   (no helmet)
Res.Elec. : .       Clarity    : .   (no cloak)
Sust.Abil.: . .     Spirit.Shd : .   k - +0 pair of gloves
Res.Mut.  : .       Stasis     : .   (no boots)
Res.Rott. : .       Flight     : .   (no amulet)
Saprovore : + . .                    (no ring)
                                     (no ring)

@: injury mirror, slightly resistant to hostile enchantments, extremely
unstealthy
A: saprovore 1
a: Animate Remains, Recall Undead Slaves, Injury Mirror, Renounce Religion


You were on level 3 of the Dungeon.
You worshipped Yredelemnul.
Yredelemnul was pleased with you.
You were not hungry.

You visited 1 branch of the dungeon, and saw 3 of its levels.

You collected 163 gold pieces.

Inventory:

Hand weapons
 a - a +1,+1 orcish hand axe (weapon) {=f}
Armour
 i - a +0 ring mail (worn)
 k - a +0 pair of gloves (worn)
Comestibles
 c - a meat ration
 j - an orange
 s - 2 chunks of goblin flesh
Scrolls
 b - 2 scrolls of teleportation {unknown}
 d - 2 scrolls of fog {unknown}
 e - 3 scrolls of identify {unknown}
 f - 2 scrolls of amnesia {unknown}
 l - 2 scrolls of magic mapping {unknown}
 m - a scroll of remove curse {unknown}
 n - a scroll of enchant weapon I {unknown}
 r - a scroll of curse weapon {unknown}
Jewellery
 q - a +3 ring of protection {unknown}
Potions
 g - a potion of restore abilities {unknown}
 h - 2 potions of slowing {unknown}
 o - 2 potions of brilliance {unknown}
 p - a potion of curing {unknown}


   Skills:
 - Level 2.4 Fighting
 * Level 5.7 Axes
 - Level 1.1 Armour
 - Level 0.7 Dodging
 - Level 4.5 Invocations


You had 3 spell levels left.
You didn't know any spells.

Dungeon Overview and Level Annotations

Branches:
Dungeon (3/27)

Altars:
Trog


Innate Abilities, Weirdness & Mutations

You can tolerate rotten meat.


Message History

Use which ability? (? or * to list)
Okay, then.
Use which ability? (? or * to list)
You offer yourself to Yredelemnul, and fill with unholy energy.
The orc hits you but does no damage.
You hear some strange, mumbled words.
The puff of flame hits you!
* * * LOW HITPOINT WARNING * * *
Yredelemnul mirrors your injury!
You hit it but do no damage. The orc barely misses you.
You hear some strange, mumbled words.
The magic dart hits you!
* * * LOW HITPOINT WARNING * * *
Yredelemnul mirrors your injury!
Unknown command.
You completely miss it. The orc barely misses you.
You hear some strange, mumbled words.
The puff of flame hits you!
You die...
Your body rises from the dead as a mindless zombie.

.##...# ........#### #..
. ..........##.... ...
#.........##......
.....#..........#......
.....#................#
......................##
#...................#
#...@.(((......#....#
#...o...#......#....#
<..........#............
..##.......#######).....
. ....#....#............
.#####....#............
#####.#.##............
.......................
#.......##.......(.###


You could see an orc.

Vanquished Creatures
  An orc priest (D:3)
  An adder (D:2)
  A gnoll (D:2)
  A giant gecko (D:2)
  An ooze (D:2)
  An orc (D:3)
  9 bats
  A giant cockroach (D:2)
  8 goblins
  9 hobgoblins
  7 kobolds
  3 giant newts (D:2)
  6 rats
49 creatures vanquished.

Notes
Turn   | Place    | Note
--------------------------------------------------------------
     0 | D:1      | HungrySpirit, the Hill Orc Death Knight, began the quest for the Orb.
     0 | D:1      | Reached XP level 1. HP: 17/17 MP: 2/2
     0 | D:1      | Noticed a spriggan zombie
     8 | D:1      | Noticed a minotaur zombie
    10 | D:1      | Noticed a minotaur zombie
    12 | D:1      | Noticed a spriggan zombie
    13 | D:1      | Noticed a merfolk zombie
    14 | D:1      | Noticed a merfolk zombie
    16 | D:1      | Noticed an octopode zombie
    16 | D:1      | Noticed an elf zombie
    18 | D:1      | Noticed a troll zombie
    18 | D:1      | Noticed a merfolk zombie
    19 | D:1      | Noticed a draconian zombie
   303 | D:1      | Reached XP level 2. HP: 24/24 MP: 4/4
   485 | D:1      | Reached skill level 4 in Invocations
   950 | D:2      | Reached XP level 3. HP: 14/29 MP: 6/6
  1289 | D:2      | Found a bloodstained altar of Trog.
  1320 | D:2      | Acquired Yredelemnul's second power
  1459 | D:2      | Reached XP level 4. HP: 34/37 MP: 8/8
  1666 | D:3      | Reached skill level 5 in Axes
  1749 | D:3      | Killed from afar by an orc wizard

Action                   |  1- 3 |  4- 6 || total
-------------------------+-------+-------++-------
Melee: Hand axe          |   114 |    39 ||   153
Invok: Injury Mirror     |       |     1 ||     1
       Animate Remains   |       |     1 ||     1
